 Dungeon Crawl Stone Soup version 0.27.1-1-g398f81649c (webtiles) character file.

Game seed: 4075556743761509327

450 MisterFreud the Shield-Bearer (level 7, -5/59 HPs)
             Began as a Gnoll Fighter on Sept 7, 2021.
             Was a Believer of Dithmenos.
             Killed by nerve-wracking pain
             ... invoked by Grinder
              (6 damage)
             ... on level 3 of the Dungeon.
             The game lasted 00:05:28 (3641 turns).

MisterFreud the Shield-Bearer (Gnoll Fighter)       Turns: 3641, Time: 00:05:29

Health: -5/59      AC: 10    Str: 15    XL:     7   Next: 4%
Magic:  10/10      EV:  8    Int: 10    God:    Dithmenos [**....]
Gold:   60         SH: 10    Dex: 17    Spells: 10/10 levels left

rFire    . . .     SeeInvis +   a - +0 rapier
rCold    . . .     Faith    .   c - +0 kite shield
rNeg     . . .     Spirit   .   b - +0 scale mail
rPois    .         Reflect  .   (no helmet)
rElec    .         Harm     .   m - +0 cloak
rCorr    .         Rampage  .   (no gloves)
Will     .....                  i - +0 pair of boots
Stlth    +.........             (no amulet)
HPRegen  0.19/turn              p - +6 ring of dexterity
MPRegen  0.12/turn              t - ring of see invisible

@: brilliant, hasted, wreathed by umbra, very quick
A: fangs 1, strong nose, distributed training
a: Renounce Religion, Shadow Step


You were on level 3 of the Dungeon.
You worshipped Dithmenos.
Dithmenos was pleased with you.
You visited 1 branch of the dungeon, and saw 6 of its levels.

You collected 164 gold pieces.
You spent 104 gold pieces at shops.

Inventory:

Hand Weapons
 a - a +0 rapier (weapon)
Missiles
 l - 33 poisoned darts (quivered)
Armour
 b - a +0 scale mail (worn)
 c - a +0 kite shield (worn)
 i - a +0 pair of boots (worn)
 m - a +0 cloak (worn)
Jewellery
 p - a +6 ring of dexterity (left hand)
 t - a ring of see invisible (right hand)
Scrolls
 g - a scroll of brand weapon {unknown}
 j - 3 scrolls of enchant armour {unknown}
 k - a scroll of immolation {unknown}
 n - 4 scrolls of teleportation
 r - a scroll of fog {unknown}
 s - a scroll of enchant weapon {unknown}
 u - a scroll of fear {unknown}
Potions
 d - a potion of might
 e - 2 potions of flight
 f - a potion of brilliance
 h - a potion of degeneration {unknown}
 o - a potion of mutation {unknown}
 q - a potion of haste


   Skills:
 + Level 6.9 Fighting
 + Level 5.1 Short Blades
 + Level 2.2 Long Blades
 + Level 2.2 Axes
 + Level 2.2 Maces & Flails
 + Level 2.2 Polearms
 + Level 2.2 Staves
 + Level 2.2 Slings
 + Level 2.2 Bows
 + Level 2.2 Crossbows
 + Level 2.2 Throwing
 + Level 6.9 Armour
 + Level 2.2 Dodging
 + Level 2.2 Stealth
 + Level 6.9 Shields
 + Level 2.2 Unarmed Combat
 + Level 2.2 Spellcasting
 + Level 1.8 Conjurations
 + Level 1.8 Hexes
 + Level 1.8 Summonings
 + Level 1.8 Necromancy
 + Level 1.8 Translocations
 + Level 1.8 Transmutations
 + Level 1.8 Fire Magic
 + Level 1.8 Ice Magic
 + Level 1.8 Air Magic
 + Level 1.8 Earth Magic
 + Level 1.8 Poison Magic
 + Level 2.4 Invocations
 + Level 2.2 Evocations


You had 10 spell levels left.
You didn't know any spells.
Your spell library contained the following spells:

 Spells                   Type           Power      Damage    Failure   Level
 Blink                    Tloc           N/A        N/A       91%         2
 Conjure Flame            Conj/Fire      7%         6-21      99%         3
 Ignite Poison            Fire/Tmut/Pois 7%         N/A       99%         3
 Lesser Beckoning         Tloc           3%         N/A       99%         3
 Sticky Flame             Conj/Fire      7%         2d3       100%        4
 Manifold Assault         Tloc           7%         N/A       100%        5


Dungeon Overview and Level Annotations

Branches:
Dungeon (6/15)             Temple (0/1) D:4

Altars:
Dithmenos
Gozag
Hepliaklqana

Shops:
D:3 *(   D:6 (

Annotations:
D:3 Grinder


Innate Abilities, Weirdness & Mutations

You have very sharp teeth.
Your uncanny sense of smell can sniff out nearby items.
Your experience applies equally to all skills.


Message History

You hit Grinder but do no damage.
Grinder is lightly wounded.
Grinder hits you.
You writhe in agony.
You hit Grinder.
Grinder is moderately wounded.
Grinder gestures at you.
You suddenly lose the ability to move!
Grinder hits you.
You writhe in agony.
You can move again.
Unknown command.
You hit Grinder.
Grinder is heavily wounded.
Grinder hits you.
You writhe in agony.
* * * LOW HITPOINT WARNING * * *
You puncture Grinder! You bite Grinder, but do no damage.
Grinder is severely wounded.
You block Grinder's attack. Grinder gestures at you.
Pain shoots through your body!
* * * LOW HITPOINT WARNING * * *
You closely miss Grinder.
Grinder is severely wounded.
You block Grinder's attack.
You hit Grinder.
Grinder is severely wounded.
Grinder closely misses you.
You puncture Grinder!
Grinder is almost dead.
Grinder hits you.
* * * LOW HITPOINT WARNING * * *
You writhe in agony.
* * * LOW HITPOINT WARNING * * *
Unknown command.
It was a potion of haste.
You feel yourself speed up. You block Grinder's attack.
It was a potion of brilliance.
You feel clever all of a sudden. Grinder gestures at you.
Pain shoots through your body!
You die...

.....†.......
........###.
.. .#
##.##.8.#
#.##.
#.###.##
#..#. #.# #∩#
... ##+###.#
... #...##<#
#.# .....#.#
## #5#
......8# ##.#
#@# .......#
...##.#
.......+
∆...#.#
.......#
..#)#
......##
#.#.# .....##
###.#.#
#...##
#.....# ##+##
#.#.### #.#
#.###.#.#


You could see Grinder.

Vanquished Creatures
  A sky beast (D:6)
  A scorpion (D:4)
  A bullfrog zombie (D:6)
  A hound (D:6)
  A centaur skeleton (D:6)
  An iguana (D:5)
  3 gnolls (D:2)
  6 adders
  A shadow imp (D:6)
  An adder skeleton (D:5)
  A worm (D:3)
  3 dart slugs
  2 orcs
  10 endoplasms
  4 giant cockroaches
  4 goblins
  5 hobgoblins
  10 jackals
  A quokka (D:3)
  4 ball pythons
  2 bats
  4 frilled lizards
  10 kobolds
  6 rats
83 creatures vanquished.

Notes
Turn   | Place    | Note
-------+----------+-------------------------------------------
     0 | D:1      | MisterFreud the Gnoll Fighter began the quest for the Orb.
     0 | D:1      | Reached XP level 1. HP: 23/23 MP: 1/1
   241 | D:1      | Reached XP level 2. HP: 27/29 MP: 2/2
   271 | D:1      | Found a faded altar of an unknown god.
  1341 | D:1      | Became a worshipper of Dithmenos the Shadowed
  1341 | D:1      | Reached * piety under Dithmenos
  1374 | D:2      | Reached XP level 3. HP: 32/35 MP: 3/3
  1454 | D:2      | Reached skill level 1 in Invocations
  1463 | D:2      | Reached skill level 1 in Long Blades
  1463 | D:2      | Reached skill level 1 in Axes
  1463 | D:2      | Reached skill level 1 in Maces & Flails
  1463 | D:2      | Reached skill level 1 in Polearms
  1463 | D:2      | Reached skill level 1 in Staves
  1463 | D:2      | Reached skill level 1 in Slings
  1463 | D:2      | Reached skill level 1 in Bows
  1463 | D:2      | Reached skill level 1 in Crossbows
  1463 | D:2      | Reached skill level 1 in Throwing
  1463 | D:2      | Reached skill level 1 in Dodging
  1463 | D:2      | Reached skill level 1 in Stealth
  1463 | D:2      | Reached skill level 1 in Unarmed Combat
  1463 | D:2      | Reached skill level 1 in Spellcasting
  1463 | D:2      | Reached skill level 1 in Evocations
  1463 | D:2      | Reached XP level 4. HP: 33/41 MP: 5/5
  1938 | D:3      | Reached skill level 1 in Conjurations
  1938 | D:3      | Reached skill level 1 in Hexes
  1938 | D:3      | Reached skill level 1 in Summonings
  1938 | D:3      | Reached skill level 1 in Necromancy
  1938 | D:3      | Reached skill level 1 in Translocations
  1938 | D:3      | Reached skill level 1 in Transmutations
  1938 | D:3      | Reached skill level 1 in Fire Magic
  1938 | D:3      | Reached skill level 1 in Ice Magic
  1938 | D:3      | Reached skill level 1 in Air Magic
  1938 | D:3      | Reached skill level 1 in Earth Magic
  1938 | D:3      | Reached skill level 1 in Poison Magic
  2066 | D:3      | Reached XP level 5. HP: 43/47 MP: 6/6
  2173 | D:3      | Reached ** piety under Dithmenos
  2334 | D:3      | You fall into a shaft and drop 3 floors!
  2335 | D:6      | Found Moagacac's Weapon Boutique.
  2379 | D:6      | Noticed a sky beast
  2386 | D:6      | Killed a sky beast
  2416 | D:6      | Reached XP level 6. HP: 51/53 MP: 8/8
  2564 | D:6      | Found an opulent altar of Gozag.
  2577 | D:6      | Reached skill level 5 in Short Blades
  2644 | D:6      | Found a hazy altar of Hepliaklqana.
  2653 | D:5      | Entered Level 5 of the Dungeon
  3071 | D:4      | Found a staircase to the Ecumenical Temple.
  3317 | D:3      | Reached XP level 7. HP: 59/59 MP: 10/10
  3438 | D:3      | Found Obla's General Store.
  3461 | D:3      | Bought a scroll of teleportation for 39 gold pieces
  3461 | D:3      | Bought a scroll of identify for 26 gold pieces
  3461 | D:3      | Bought a scroll of teleportation for 39 gold pieces
  3475 | D:3      | Found Aniu's Weapon Boutique.
  3532 | D:3      | Found a shadowy altar of Dithmenos.
  3615 | D:3      | Noticed Grinder
  3629 | D:3      | Paralysed by Grinder for 3 turns
  3633 | D:3      | Paralysed by Grinder for 2 turns
  3639 | D:3      | HP: 1/59 [Grinder (3)]
  3641 | D:3      | Killed from afar by Grinder

Illustrated notes

Levels and vault maps discovered:
D:1:      nzn_arrival_water_spiral, layout_loops_corners,
          shapermc_ecumenical_altar_venn, serial_forest,
          infiniplex_forest_clump_large, infiniplex_forest_end_double,
          infiniplex_forest_clump_double, infiniplex_forest_end_2,
          infiniplex_forest_fountain, infiniplex_forest_straight_5,
          infiniplex_forest_clump_medium, infiniplex_forest_clump_double
D:2:      layout_rooms, chequers_serial_rivers_room_a
D:3:      layout_loops_corners, mainiacjoe_overflow_surrounded_room,
          serial_shops, shop, shop_statue, uniq_grinder
D:4:      layout_cave_pools, minmay_temple_entry_poolview, grunt_decor_junction,
          hangedman_decor_riveting
D:5:      layout_basic
D:6:      layout_loops_ring, nicolae_gozag_seed_capital,
          nicolae_hepliaklqana_hazy_memory, serial_shops, shop

Skill      XL: |  1  2  3  4  5  6 |
---------------+-------------------+-----
Invocations    | 1 2 |  2.4
Long Blades    | 1 2 |  2.2
Axes           | 1 2 |  2.2
Maces & Flails | 1 2 |  2.2
Polearms       | 1 2 |  2.2
Staves         | 1 2 |  2.2
Slings         | 1 2 |  2.2
Bows           | 1 2 |  2.2
Crossbows      | 1 2 |  2.2
Throwing       | 1 2 |  2.2
Dodging        | 1 2 |  2.2
Stealth        | 1 2 |  2.2
Unarmed Combat | 1 2 |  2.2
Spellcasting   | 1 2 |  2.2
Evocations     | 1 2 |  2.2
Conjurations   | 1 |  1.8
Hexes          | 1 |  1.8
Summonings     | 1 |  1.8
Necromancy     | 1 |  1.8
Translocations | 1 |  1.8
Transmutations | 1 |  1.8
Fire Magic     | 1 |  1.8
Ice Magic      | 1 |  1.8
Air Magic      | 1 |  1.8
Earth Magic    | 1 |  1.8
Poison Magic   | 1 |  1.8
Short Blades   | 5 |  5.1
Fighting       | |  6.9
Armour         | |  6.9
Shields        | |  6.9

Action                   |  1- 3 |  4- 6 |  7- 9 || total
-------------------------+-------+-------+-------++-------
Melee: Rapier            |   100 |   191 |    40 ||   331
       Bite              |     7 |    22 |     1 ||    30
  Use: Potion            |       |       |     2 ||     2
       Scroll            |       |       |     1 ||     1
Armor: Scale mail        |    45 |    67 |     6 ||   118
Dodge: Dodged            |    30 |    69 |     3 ||   102
Block: Kite shield       |    56 |    96 |    20 ||   172
